Map: Moondance

Players

ShaDoWn

  • Race: Protoss Protoss
  • Spawn Location: 12:00

Kelazhur - Winner!

  • Race: Terran Terran
  • Spawn Location: 6:00

Event: DreamHack SC2 Masters 2022 Atlanta (Offline)

VOD

Have the link to the VOD?

Description

Time

  • Played on: Nov. 18, 2022, 1:44 p.m.
  • Length: 23:23

All games in this series

Show
View Real Time Build Order
Export as new Build Order

ShaDoWn Protoss 

Build Orders: 1 Gate Expand, Dark Templar Rush 

Get SALT Encoding   

  12  0:00  Probe  
  13  0:12  Probe  
  14  0:17  Pylon  
  14  0:24  Probe  
  15  0:35  Gateway  
  15  0:37  Probe (Chrono Boost)  
  16  0:46  Probe (Chrono Boost)  
  16  0:47  Assimilator  
  17  0:51  Probe (Chrono Boost)  
  18  1:03  Probe  
  19  1:15  Probe  
  20  1:22  Cybernetics Core  
  20  1:31  Nexus  
  20  1:39  Pylon  
  20  1:40  Probe  
  20  1:46  Assimilator  
  21  1:52  Probe  
  22  1:55  Stalker (Chrono Boost)  
  22  2:00  Warp Gate  
  24  2:05  Probe  
  25  2:17  Probe (Chrono Boost), Stalker  
  28  2:28  Probe (Chrono Boost)  
  29  2:33  Probe (Chrono Boost)  
  29  2:35  Twilight Council  
  31  2:44  Probe (Chrono Boost)  
  31  2:48  Probe (Chrono Boost)  
  31  2:50  Stalker  
  34  2:54  Probe (Chrono Boost)  
  34  2:57  Probe (Chrono Boost)  
  36  2:59  Probe (Chrono Boost)  
  37  3:07  Probe  
  37  3:11  Dark Shrine, Probe  
  39  3:19  Probe  
  40  3:22  Gateway  
  40  3:23  Probe  
  40  3:24  Pylon  
  41  3:31  Gateway, Probe  
  42  3:35  Probe  
  43  3:43  Probe  
  44  3:49  Probe, Stalker  
  44  3:52  Pylon  
  47  3:56  Probe  
  47  4:01  Probe  
  49  4:08  Probe  
  50  4:10  Nexus  
  50  4:13  Probe  
  51  4:20  Probe  
  52  4:24  Dark Templar  
  52  4:28  Pylon  
  52  4:30  Blink (Chrono Boost)  
  54  4:32  Pylon  
  54  4:37  Robotics Facility  
  54  4:42  Forge  
  54  4:46  Probe, Assimilator  
  54  4:48  Assimilator  
  54  4:49  Probe  
  54  4:52  Pylon  
  56  4:57  Sentry  
  56  4:58  Probe  
  59  5:01  Probe, Gateway  
  59  5:03  Gateway  
  60  5:10  Probe  
  60  5:13  Probe  
  62  5:14  Protoss Ground Weapons Level 1  
  62  5:17  Gateway  
  62  5:22  Probe  
  62  5:24  Immortal (Chrono Boost)  
  62  5:25  Probe  
  69  5:29  Shield Battery  
  69  5:34  Stalker x2  
  72  5:48  Probe  
  73  5:51  Probe  
  73  5:52  Immortal (Chrono Boost), Probe  
  79  5:57  Stalker x3  
  79  5:59  Stalker  
  86  6:06  Pylon  
  86  6:08  Probe  
  86  6:09  Probe  
  88  6:11  Charge (Chrono Boost)  
  88  6:15  Shield Battery, Pylon  
  88  6:21  Zealot x3  
  86  6:27  Probe  
  86  6:28  Zealot x2  
  89  6:35  Probe x2  
  89  6:39  Zealot  
  81  6:43  Probe  
  77  6:47  Probe x2  
  77  6:49  Robotics Facility  
  77  6:51  Observer (Chrono Boost), Robotics Bay  
  79  6:56  Probe  
  79  6:57  Zealot x3, Sentry x2  
  79  6:59  Probe x2  
  92  7:04  Observer (Chrono Boost), Assimilator  
  92  7:05  Assimilator  
  93  7:09  Probe  
  93  7:11  Observer  
  93  7:13  Observer  
  94  7:16  Nexus  
  94  7:18  Pylon  
  94  7:19  Probe x2  
  96  7:24  Observer (Chrono Boost)  
  97  7:30  Stalker x3  
  97  7:36  Pylon  
  103  7:39  Colossus (Chrono Boost)  
  103  7:40  Pylon  
  103  7:43  Probe  
  109  7:45  Stalker x2  
  113  7:52  Pylon  
  113  7:54  Protoss Ground Weapons Level 2 (Chrono Boost)  
  113  7:56  Pylon  
  113  7:59  Probe  
  113  8:05  Extended Thermal Lance, Probe x2  
  116  8:11  Colossus (Chrono Boost), Probe  
  117  8:17  Probe x2  
  125  8:23  Probe  
  125  8:26  Photon Cannon  
  126  8:27  Shield Battery  
  126  8:29  Photon Cannon  
  132  8:35  Colossus (Chrono Boost)  
  132  8:40  Probe  
  133  8:41  Probe  
  133  8:44  Zealot, Stalker x4  
  133  8:45  Probe  
  144  8:51  Cybernetics Core  
  144  9:01  Colossus (Chrono Boost)  
  148  9:17  Zealot x4  
  156  9:32  Pylon x2  
  156  9:33  Pylon  
  156  9:34  Shadow Stride  
  156  9:35  Forge  
  156  9:37  Pylon  
  156  9:38  Pylon  
  156  9:39  Pylon  
  156  9:48  Photon Cannon  
  156  9:49  Pylon  
  156  9:50  Observer (Chrono Boost), Probe  
  156  9:51  Zealot, Observer (Chrono Boost), Stalker x4  
  165  9:54  Pylon  
  163  10:00  Photon Cannon, Pylon  
  163  10:05  Pylon  
  156  10:15  Nexus  
  156  10:17  Disruptor (Chrono Boost), Colossus (Chrono Boost)  
  149  10:25  Stalker  
  149  10:26  Zealot x4  
  142  10:29  Photon Cannon, Probe x2  
  116  10:37  Probe  
  116  10:41  Probe  
  118  10:43  Probe x2  
  118  10:46  Disruptor (Chrono Boost)  
  118  10:49  Probe  
  124  10:50  Protoss Ground Weapons Level 3 (Chrono Boost)  
  124  10:52  Stalker x5  
  124  10:53  Probe  
  124  10:55  Probe  
  136  10:57  Observer  
  136  11:03  Probe  
  136  11:05  Probe  
  140  11:11  Probe x2  
  140  11:12  Disruptor (Chrono Boost)  
  140  11:15  Probe, Pylon  
  140  11:16  Disruptor (Chrono Boost)  
  140  11:18  Probe  
  146  11:20  Stalker x4  
  154  11:26  Probe  
  154  11:27  Probe  
  149  11:36  Probe  
  149  11:37  Pylon  
  150  11:42  Stalker  
  150  11:44  Disruptor (Chrono Boost)  
  150  11:46  Disruptor (Chrono Boost)  
  157  11:49  Stalker x4  
  157  11:51  Gateway  
  157  11:52  Gateway  
  164  11:55  Gateway  
  162  12:02  Photon Cannon  
  158  12:16  Stalker  
  158  12:17  Zealot x4  
  158  12:18  Disruptor  
  167  12:26  Disruptor  
  162  12:34  Probe x4  
  162  12:35  Probe  
  167  12:45  Zealot x5  
  167  12:46  Zealot, Probe  
  167  12:48  Gateway  
  167  12:50  Gateway  
  180  12:52  Zealot x2, Gateway  
  180  12:53  Disruptor  
  187  12:58  Probe  
  166  13:13  Zealot x2, Stalker x6  
  166  13:16  Probe  
  166  13:17  Warp Prism  
  166  13:18  Observer  
  183  13:24  Probe  
  183  13:26  Probe, Protoss Ground Armor Level 1 (Chrono Boost)  
  163  13:34  Probe x2  
  163  13:37  Zealot x6  
  173  13:41  Probe  
  173  13:43  Stalker x2  
  173  13:45  Nexus  
  173  13:46  Probe  
  179  13:54  Probe  
  176  14:02  Probe  
  170  14:03  Probe  
  170  14:05  Probe  
  170  14:08  Probe  
  170  14:13  Stalker x8  
  179  14:17  Probe  
  179  14:21  Probe  
  175  14:25  Probe  
  175  14:27  Probe  
  175  14:28  Probe  
  175  14:29  Probe  
  154  14:33  Probe  
  154  14:34  Stalker x2  
  154  14:37  Probe, Stalker x2  
  154  14:39  Probe  
  154  14:40  Probe  
  154  14:41  Probe  
  154  14:45  Disruptor (Chrono Boost)  
  157  14:46  Probe  
  157  14:49  Probe  
  157  14:51  Probe  
  157  14:52  Zealot x6  
  171  14:53  Probe x2  
  171  14:58  Probe  
  178  15:01  Probe  
  178  15:03  Probe  
  178  15:04  Observer (Chrono Boost)  
  178  15:05  Probe x2  
  180  15:10  Probe  
  180  15:13  Probe  
  180  15:14  Zealot x5  
  180  15:15  Zealot x5  
  197  15:46  Photon Cannon  
  197  15:47  Zealot  
  197  15:48  Zealot x3  
  196  15:50  Zealot x3  
  196  15:56  Zealot x8  
  181  16:00  Probe  
  181  16:04  Probe  
  160  16:05  Probe  
  160  16:06  Probe  
  160  16:07  Pylon  
  160  16:08  Disruptor (Chrono Boost)  
  160  16:10  Probe  
  154  16:13  Stalker x3  
  154  16:15  Pylon  
  157  16:19  Stalker x3  
  157  16:20  Stalker x5  
  169  16:30  Probe  
  169  16:32  Nexus  
  168  16:33  Pylon  
  168  16:37  Zealot x3  
  176  16:40  Observer (Chrono Boost)  
  176  16:43  Zealot x8  
  176  16:46  Pylon  
  191  16:47  Assimilator  
  191  16:55  Nexus  
  191  16:59  Pylon  
  189  17:03  Stalker  
  189  17:04  Stalker x5  
  185  17:20  Probe  
  182  17:23  Zealot x5  
  182  17:27  Zealot x4  
  200  17:34  Nexus  
  200  17:35  Probe  
  189  17:37  Zealot x2  
  181  17:45  Probe  
  181  17:48  Zealot x9  
  200  17:57  Probe  
  168  17:59  Disruptor (Chrono Boost)  
  168  18:05  Disruptor (Chrono Boost), Pylon  
  162  18:15  Zealot  
  162  18:16  Zealot x3, Stalker x6  
  162  18:17  Zealot  
  184  18:26  Disruptor  
  181  18:32  Probe  
  181  18:33  Disruptor  
  188  18:34  Pylon  
  172  18:44  Zealot x3, Stalker x4  
  172  18:45  Zealot x3  
  172  18:47  Shield Battery  
  180  18:48  Zealot x7  
  180  18:52  Zealot x6, Stalker  
  180  18:53  Probe  
  183  18:56  Probe  
  183  19:00  Probe  
  183  19:01  Probe  
  183  19:02  Probe  
  177  19:05  Stalker x2  
  177  19:06  Probe, Stalker  
  186  19:10  Protoss Shields Level 1 (Chrono Boost)  
  184  19:19  Dark Templar x4  
  182  19:29  Probe  
  182  19:30  Dark Templar  
  182  19:31  Zealot x6  
  183  19:38  Probe  
  183  19:41  Probe  
  156  19:45  Probe  
  156  19:49  Disruptor (Chrono Boost)  
  156  19:52  Stalker x2  
  137  19:53  Zealot x8  
  137  19:54  Probe  
  137  19:59  Probe  
  150  20:04  Disruptor (Chrono Boost)  
  150  20:07  Probe  
  150  20:08  Probe  
  146  20:15  Zealot x11  
  161  20:23  Assimilator  
  161  20:25  Assimilator  
  161  20:26  Pylon  
  156  20:29  Disruptor (Chrono Boost)  
  156  20:35  Zealot  
  146  20:36  Zealot x5, Stalker x3  
  146  20:37  Zealot x2  
  144  20:59  Zealot x2, Stalker x6  
  144  21:00  Zealot x3, Observer (Chrono Boost)  
  166  21:06  Nexus  
  166  21:08  Observer (Chrono Boost)  
  167  21:16  Pylon  
  167  21:17  Probe  
  164  21:23  Stalker x5  
  164  21:25  Stalker  
  143  21:39  Observer  
  136  21:48  Probe  
  136  21:50  Zealot x7, Stalker x2  
  136  21:54  Pylon  
  136  22:10  Stalker x3  
  142  22:17  Stalker x2  
  144  22:23  Stalker  
  144  22:27  Probe  
  137  22:32  Probe  
  137  22:36  Stalker  
  137  22:37  Zealot, Stalker x2  
  125  22:38  Probe  
  125  22:40  Probe  
  110  22:46  Stalker x2  
  110  22:47  Zealot  
  109  22:53  Zealot x2  
  109  22:56  Zealot  
  105  22:59  Zealot x2  
  104  23:06  Probe  
  104  23:08  Zealot x3  
  110  23:13  Stalker  
Show
View Real Time Build Order
Export as new Build Order

Kelazhur Terran - Winner!

Build Orders: Cyclone Opening, Gas First Reaper Expand 

Get SALT Encoding   

  12  0:00  SCV  
  13  0:12  SCV  
  14  0:16  Supply Depot  
  14  0:24  SCV  
  14  0:27  Refinery  
  15  0:38  SCV  
  16  0:44  Barracks  
  16  0:50  SCV  
  17  1:02  SCV  
  18  1:14  SCV  
  19  1:31  Reaper, Orbital Command  
  20  1:44  Command Center  
  20  1:53  Factory  
  20  1:56  SCV  
  21  2:03  Supply Depot  
  21  2:05  Barracks Reactor  
  21  2:09  SCV  
  21  2:13  Refinery  
  22  2:21  SCV  
  23  2:33  SCV  
  24  2:39  Factory Tech Lab  
  24  2:41  Marine x2  
  26  2:45  SCV  
  27  2:55  Barracks  
  27  2:56  Orbital Command  
  27  2:57  SCV  
  27  2:58  Cyclone  
  31  3:03  Marine x2  
  33  3:10  SCV  
  34  3:21  Barracks  
  34  3:22  Orbital Command  
  34  3:25  SCV  
  35  3:27  Marine x2  
  35  3:30  Siege Tank  
  40  3:39  SCV  
  40  3:40  Supply Depot  
  41  3:43  Barracks Tech Lab  
  41  3:48  SCV  
  42  3:51  SCV  
  42  3:53  Marine x2  
  45  3:59  Engineering Bay  
  45  4:00  SCV  
  45  4:02  Siege Tank  
  49  4:04  Stimpack  
  49  4:08  SCV  
  52  4:12  Marine  
  52  4:15  Supply Depot  
  53  4:17  SCV  
  53  4:21  Barracks Tech Lab, Marine x2  
  53  4:22  SCV  
  55  4:30  SCV  
  56  4:34  Supply Depot  
  56  4:35  SCV, Marine  
  58  4:41  Marauder x2  
  58  4:42  SCV  
  58  4:45  Marine  
  63  4:48  SCV  
  63  4:49  Combat Shield  
  65  4:55  Siege Tank  
  65  4:57  Marine  
  65  4:59  SCV  
  70  5:04  Marauder, Marine  
  73  5:08  Refinery  
  73  5:10  Supply Depot  
  73  5:15  Marauder, Marine  
  73  5:20  SCV  
  77  5:24  SCV  
  77  5:25  Refinery  
  78  5:31  Marine  
  78  5:32  SCV, Marauder  
  78  5:33  Missile Turret  
  78  5:34  Marine  
  83  5:40  Starport  
  82  5:43  SCV  
  82  5:45  Missile Turret  
  82  5:48  SCV  
  83  5:54  Marauder  
  85  5:57  Factory Reactor  
  85  5:58  Marine  
  86  6:08  Concussive Shells, Marine, SCV x2  
  86  6:09  Marauder  
  86  6:10  Supply Depot  
  89  6:21  SCV  
  89  6:23  SCV  
  81  6:26  Marine  
  81  6:27  Marauder  
  81  6:28  Marine  
  84  6:33  SCV  
  84  6:38  Marauder  
  82  6:42  Factory Reactor  
  82  6:46  Medivac x2  
  73  6:48  Marauder, Terran Infantry Weapons Level 1  
  73  6:50  Marine x2  
  77  7:02  Marauder  
  77  7:04  Command Center  
  79  7:09  Marine x2  
  79  7:10  Marauder  
  79  7:12  SCV  
  79  7:13  SCV  
  85  7:20  Widow Mine x2  
  89  7:24  SCV  
  89  7:27  Marauder, Marine  
  89  7:29  SCV  
  94  7:31  Marauder  
  94  7:32  Marine  
  94  7:33  Supply Depot  
  97  7:38  Medivac x2  
  97  7:42  Supply Depot  
  101  7:45  SCV  
  102  7:55  SCV, Widow Mine x2, Marauder, Marine  
  110  8:03  SCV, Marine  
  110  8:04  Marauder  
  110  8:05  Supply Depot  
  114  8:10  Barracks  
  114  8:12  Barracks  
  115  8:13  Marine  
  115  8:16  SCV, Marauder  
  115  8:19  Orbital Command  
  118  8:21  Marine  
  118  8:24  Widow Mine x2  
  118  8:26  Marauder  
  125  8:27  SCV  
  125  8:32  Armory  
  125  8:33  SCV  
  127  8:34  Marine  
  127  8:37  Marine  
  127  8:38  Medivac  
  131  8:44  Marine  
  131  8:47  SCV, Marauder  
  135  8:50  SCV, Terran Infantry Armor Level 1  
  135  8:51  SCV  
  135  8:53  Supply Depot, Refinery  
  137  8:58  Widow Mine x2  
  137  9:01  Barracks Reactor  
  140  9:13  Marauder x2  
  140  9:15  Marauder, Marine x2  
  141  9:22  Engineering Bay  
  141  9:26  Widow Mine  
  141  9:27  Widow Mine  
  141  9:30  Command Center  
  143  9:33  Marine  
  143  9:34  Medivac, Marauder  
  148  9:48  Ghost Academy  
  148  9:51  Supply Depot  
  148  9:52  Supply Depot  
  148  9:53  Medivac, Marauder x2  
  148  9:55  Marauder  
  154  10:01  Marine  
  154  10:02  Marine x2  
  154  10:04  Supply Depot  
  157  10:12  Marine  
  157  10:13  Widow Mine x2  
  155  10:15  Marauder x2  
  155  10:18  Marauder  
  152  10:27  Viking  
  152  10:28  Viking  
  132  10:36  Marauder  
  132  10:38  Marine x3  
  132  10:39  Marine  
  132  10:41  Ghost x2  
  132  10:54  Terran Infantry Weapons Level 2  
  132  10:55  Terran Infantry Armor Level 2  
  132  10:56  Marine  
  132  10:57  Ghost  
  133  10:58  Marine x2  
  133  10:59  Marine  
  133  11:00  Enhanced Shockwaves  
  133  11:02  SCV  
  133  11:03  SCV  
  136  11:05  SCV  
  136  11:09  Viking  
  139  11:16  SCV  
  140  11:21  Viking  
  140  11:23  Marine  
  140  11:24  Marauder  
  145  11:27  Marine x2  
  142  11:41  Viking  
  142  11:44  Planetary Fortress  
  142  11:45  SCV x3  
  145  11:50  Marine x2  
  145  11:51  Marauder  
  149  11:54  Viking  
  149  11:56  Marauder  
  149  11:57  SCV, Marine x2  
  149  11:59  SCV x2  
  158  12:04  Marauder  
  158  12:11  Viking  
  156  12:16  Marauder, Marine  
  156  12:18  Widow Mine x2  
  159  12:23  Marauder  
  159  12:25  Viking  
  159  12:27  Marauder, Marine x3  
  148  12:39  Widow Mine x2  
  148  12:41  Viking, Marauder  
  154  12:44  Marauder, Marine  
  154  12:46  Marine x2  
  154  12:50  SCV x3  
  160  12:51  Barracks  
  160  12:53  Barracks  
  160  12:54  Barracks  
  160  12:55  Viking  
  160  13:01  Widow Mine x2  
  160  13:02  SCV  
  160  13:03  Marauder  
  151  13:06  Marine x2  
  151  13:07  Marauder  
  151  13:10  Marauder  
  152  13:24  Marauder  
  152  13:25  Marine x4  
  152  13:26  Terran Infantry Weapons Level 3  
  150  13:27  Terran Infantry Armor Level 3  
  150  13:28  Liberator x2, Marauder  
  150  13:31  Widow Mine x2  
  158  13:38  Missile Turret  
  158  13:51  Barracks Tech Lab, Marauder x3  
  158  13:52  Barracks Reactor  
  158  13:53  Widow Mine x2  
  168  14:06  Marine  
  168  14:07  Marine  
  168  14:09  Marine  
  159  14:11  Liberator x2  
  159  14:12  Marauder x2  
  159  14:13  Marauder  
  159  14:14  Widow Mine  
  159  14:15  Marauder  
  159  14:16  Marine  
  174  14:18  Marine  
  170  14:24  Marine x2  
  170  14:26  Marine  
  151  14:33  Marine x3  
  151  14:34  Marauder  
  151  14:36  Widow Mine x2  
  151  14:37  Marauder  
  152  14:44  Terran Ship Weapons Level 1  
  152  14:46  Barracks Tech Lab  
  152  14:51  Ghost  
  152  14:52  Marauder  
  156  14:54  Liberator x2, Ghost  
  156  14:57  Marine x4  
  156  14:58  Marine  
  167  15:10  Ghost  
  167  15:11  Command Center, Ghost  
  168  15:15  Marine x2  
  168  15:20  Refinery  
  168  15:21  Refinery  
  170  15:22  Widow Mine  
  170  15:23  Widow Mine  
  170  15:26  Marauder  
  176  15:32  Marauder  
  176  15:33  Marauder  
  176  15:34  Marine  
  176  15:35  Marine  
  182  15:37  Medivac  
  184  15:43  Widow Mine  
  184  15:44  Marauder  
  184  15:45  Widow Mine  
  184  15:48  Marine  
  153  16:01  Marauder  
  125  16:07  Medivac x2  
  125  16:08  Marauder, Marine  
  125  16:09  SCV x3  
  122  16:11  Marine  
  122  16:12  Marine x5  
  128  16:21  SCV x3  
  129  16:28  Widow Mine x2  
  133  16:33  SCV x2  
  133  16:34  SCV  
  133  16:36  Marine  
  133  16:37  Medivac x2  
  139  16:45  Ghost  
  139  16:46  Marine x8, Ghost  
  149  16:56  Marine  
  149  16:57  Widow Mine x2  
  154  17:04  Marine x2  
  154  17:05  Marauder  
  151  17:16  Marauder, Marine  
  151  17:17  Marauder  
  151  17:21  Liberator  
  151  17:22  Marine x6  
  158  17:26  Widow Mine x2  
  162  17:34  Marauder  
  162  17:36  Marine  
  166  17:37  Marauder, Marine  
  167  17:44  Medivac  
  167  17:46  Marine  
  167  17:47  Widow Mine x2  
  167  17:50  Missile Turret  
  173  17:57  Marauder  
  162  18:00  Marauder  
  162  18:04  Medivac, Marine  
  137  18:08  Widow Mine  
  137  18:09  Widow Mine  
  137  18:11  Planetary Fortress  
  139  18:19  Medivac  
  140  18:27  Marauder  
  140  18:29  Marine x2  
  140  18:30  Widow Mine  
  140  18:33  Marauder, Marine x2  
  136  18:41  Marine  
  136  18:42  Marauder, Marine x3  
  136  18:47  Marine  
  142  18:53  Medivac x2  
  142  18:54  Ghost  
  117  19:04  Marauder x3, Marine x3  
  117  19:07  Marine x2  
  117  19:09  Marine  
  128  19:10  Marine  
  130  19:22  Ghost  
  128  19:26  Medivac x2  
  128  19:27  Widow Mine, Marauder, Marine x2  
  128  19:29  Marine  
  128  19:30  Marine x3  
  133  19:33  Ghost  
  133  19:34  Marine, Ghost  
  134  19:49  Marauder  
  134  19:52  Marauder  
  138  19:56  Marine  
  138  19:57  Widow Mine  
  137  20:10  Medivac, Widow Mine  
  139  20:17  Marine  
  139  20:18  Medivac, Widow Mine  
  140  20:29  Marauder  
  140  20:31  Marine x2  
  143  20:46  Marine  
  143  20:49  Command Center  
  124  20:51  Widow Mine x2  
  124  20:57  Medivac x2  
  128  21:09  Refinery  
  128  21:10  Refinery, SCV x4  
  130  21:21  Marauder, Marine  
  130  21:22  SCV x4, Widow Mine x2  
  141  21:26  Marine  
  141  21:29  Marine  
  141  21:32  Marauder  
  133  21:34  SCV x3  
  133  21:38  Marauder, Marine  
  133  21:39  Marine  
  135  21:44  Widow Mine x2  
  135  21:46  Marauder, Marine  
  133  22:02  Marauder, Marine  
  133  22:03  Marine x5  
  133  22:05  Widow Mine x2  
  137  22:26  Ghost  
  137  22:27  Ghost  
  135  22:34  Missile Turret, Ghost  
  135  22:35  Marine  
  129  22:38  Widow Mine x2, Marine  
  129  22:41  Marauder, Marine  
  127  22:46  Marine  
  127  22:49  Marine  
  127  22:54  Marauder, Marine  
  128  22:59  Widow Mine x2  
  128  23:05  Marine  
  137  23:16  Command Center  
Tags
 
Add a new tag
Caveats
  • Supply blocks, unpowered buildings, or Contaminate may cause inaccurate times.
  • Supply counts are checked every 10 seconds.